Cogmind - Beta 10.2 *** ADVENTURER MODE // 2022.02.08 @ 01:41:17 Player: shisihs Result: Destroyed by Y-45 Defender with Beam Rifle Performance ------------- Evolutions (1) 500 Regions Visited (4) 800 Robots Destroyed (23) 115 Value Destroyed (357) 357 Prototype IDs (1) 20 Alien Tech Used (0) 0 Bonus (184) 184 TOTAL SCORE: 1976 Bonus ------- Follower Combat Kills 184 Cogmind --------- Core Integrity 0/400 Matter 300/300 Energy 86/100 System Corruption 2% Temperature Cool (9) Movement Core (400) Ox7 Location -9/Storage Parts ------- > --- POWER (1) -------- (None) > --- PROPULSION (3) --- (None) > --- UTILITY (3) ------ Large Storage Unit Signal Interpreter Drone Bay (2/2) > --- WEAPON (2) ------- (None) > --- INVENTORY (10) --- Ion Engine Large Storage Unit Terrain Scan Processor Drone Bay (2/2) Drone Bay (2/2) Drone Bay (2/2) Drone Bay (2/2) Drone Bay (2/2) Drone Bay (2/2) Peak State ------------ > --- POWER ------------ Light Ion Engine > --- PROPULSION ------- Aluminum Leg Aluminum Leg Aluminum Leg > --- UTILITY ---------- Large Storage Unit Signal Interpreter Seismic Analyzer > --- WEAPON ----------- Improved Medium Laser > --- INVENTORY -------- Ion Engine Small Storage Unit Large Storage Unit Signal Interpreter Terrain Scan Processor Drone Bay Drone Bay Drone Bay Drone Bay Drone Bay [Rating: 13] Favorites ----------- Power Light Ion Engine Engine Light Ion Engine Propulsion Flight Unit Treads Light Treads Leg Aluminum Leg Flight Unit Flight Unit Utility Small Storage Unit Device Improved Terrain Scanner Storage Small Storage Unit Processor Signal Interpreter Weapon Light Assault Rifle Energy Gun Small Laser Ballistic Gun Light Assault Rifle Launcher Rocket Launcher Build | -11 -10 -10 -9 -9 ------- Run | Scr Mat Min Mat Sto Slots Evolved 2 | . . . 2 . Power . | . . . . . Propulsion 1 | . . . 1 . Utility 1 | . . . 1 . Weapon . | . . . . . Parts Attached 26 | 10 . 2 6 8 Power 4 | 2 . . 1 1 Engine 4 | 2 . . 1 1 Core . | . . . . . Reactor . | . . . . . Propulsion 10 | 4 . 2 1 3 Treads 2 | 2 . . . . Leg 5 | 2 . . . 3 Wheel . | . . . . . Hover . | . . . . . Flight 3 | . . 2 1 . Utility 7 | 2 . . 3 2 Device 2 | . . . 1 1 Storage 3 | 2 . . 1 . Processor 2 | . . . 1 1 Hackware . | . . . . . Protection . | . . . . . Artifact . | . . . . . Weapon 5 | 2 . . 1 2 Energy Gun 2 | 1 . . . 1 Energy Cannon . | . . . . . Ballistic Gun 2 | 1 . . . 1 Ballistic Cannon . | . . . . . Launcher 1 | . . . 1 . Special Weapon . | . . . . . Impact Weapon . | . . . . . Slashing Weapon . | . . . . . Piercing Weapon . | . . . . . Special Melee Weapon . | . . . . . Unidentified Prototypes 1 | . . . . 1 Parts Lost 14 | . . 1 . 13 Power 2 | . . . . 2 Propulsion 6 | . . . . 6 Utility 1 | . . . . 1 Weapon 5 | . . 1 . 4 Highest Loss Streak 6 | . . 1 . 6 Average Slot Usage (%) 87 | . 100 90 99 69 Engine 10 | . 14 14 11 8 Leg 8 | . 28 11 . 10 Flight 17 | . . 16 33 7 Device 5 | . . . 11 3 Storage 17 | . 28 28 13 11 Processor 8 | . . . 8 16 Energy Gun 4 | . 14 5 . 6 Ballistic Gun 9 | . 14 14 11 2 Launcher 4 | . . . 10 2 Naked Turns . | . . . . . Heaviest Build 31 | 15 15 15 31 25 Greatest Support 30 | 20 20 20 12 30 Greatest Overweight (x) 7 | 3 . 1 2 7 Average Overweight (x) 1 | . . . 1 2 Largest Inventory Capacity 12 | 8 8 8 12 10 Average Capacity 9 | 6 8 8 10 10 Most Carried 10 | 5 8 8 8 10 Average Carried 6 | 3 6 7 5 8 Final Capacity 10 | 8 8 8 10 10 Final Carried 9 | 4 8 8 6 9 Class Distribution -------------------- 52% | Mutant 47% | Scavenger-Mutant Dominant Class ---------------- Mutant | -10/Materials Mutant | -10/Mines Scavenger-Mutant | -9/Materials Mutant | -9/Storage Resources | -11 -10 -10 -9 -9 ----------- Run | Scr Mat Min Mat Sto Matter Collected 630 | 311 120 59 60 80 Remotely . | . . . . . Salvage Created 600 | 209 144 . . 247 Parts 28 | 12 6 . . 10 Haulers Intercepted . | . . . . . Recyclers Shooed 2 | . 1 . 1 . Parts Field Recycled . | . . . . . Retrieved Matter . | . . . . . Parts Self-Destructed . | . . . . . Prevented . | . . . . . Kills | -11 -10 -10 -9 -9 ------- Run | Scr Mat Min Mat Sto Combat Hostiles Destroyed 15 | . 3 . . 12 Guns 6 | . 3 . . 3 AOE 9 | . . . . 9 Classes Destroyed 7 | 3 1 . . 3 Worker 2 | 2 . . . . Tunneler 3 | 3 . . . . Recycler 2 | 1 1 . . . Mechanic 1 | . . . . 1 Swarmer 9 | . 3 . . 6 Grunt 5 | . . . . 5 Brawler 1 | . . . . 1 Best Kill Streak 10 | 3 4 . . 10 Combat Bots Only 9 | . 3 . . 9 Max Kills in Single Turn 7 | 1 1 . . 7 Gunslinging . | . . . . . Exploded 7 | . . . . 7 Melee . | . . . . . Uniques/NPCs Destroyed . | . . . . . Combat | -11 -10 -10 -9 -9 -------- Run | Scr Mat Min Mat Sto Damage Taken 1449 | . 89 170 12 1178 Core 419 | . 8 8 . 403 Absorbed by Shields . | . . . . . Core Remaining (%) 96 | 100 . 93 . . Volleys Fired 65 | 19 16 10 . 20 Largest 2 | 2 1 1 . 1 Hottest 60 | 60 20 20 . 56 Shots Fired 67 | 21 16 10 . 20 Gun 65 | 21 16 10 . 18 Cannon . | . . . . . Launcher 2 | . . . . 2 Special . | . . . . . Kinetic 43 | 11 16 10 . 6 Thermal 22 | 10 . . . 12 Explosive 2 | . . . . 2 Electromagnetic . | . . . . . Robot Hit Streak 13 | 11 7 9 . 13 Robot Miss Streak 3 | 2 1 2 . 3 Penetration Max . | . . . . . Secondary Targets . | . . . . . Shots Hit Robots 49 | 16 13 9 . 11 Core Hits 37 | 9 9 . . 19 Critical Hits . | . . . . . Critical Kills . | . . . . . Critical Parts Destroyed . | . . . . . Melee Attacks . | . . . . . Impact . | . . . . . Slashing . | . . . . . Piercing . | . . . . . Sneak Attacks . | . . . . . Combat Hostiles . | . . . . . Follow-up Attacks . | . . . . . Damage Inflicted 1201 | 167 110 68 2 854 Guns 522 | 167 108 68 . 179 Cannons . | . . . . . Explosions 650 | . . . . 650 Melee . | . . . . . Ramming 29 | . 2 . 2 25 Kinetic 274 | 58 108 68 . 40 Thermal 248 | 109 . . . 139 Explosive 650 | . . . . 650 Electromagnetic . | . . . . . Impact . | . . . . . Slashing . | . . . . . Piercing . | . . . . . Highest Corruption 2 | . . . . 2 Average Corruption 2 | . . . . 2 Corruption Purged . | . . . . . Effects 1 | . . . . 1 Energy Discharges 1 | . . . . 1 Overload Shots . | . . . . . Overflow Damage 14 | . . . . 14 Projectiles . | . . . . . Explosions 14 | . . . . 14 Melee . | . . . . . Knockbacks . | . . . . . Impact . | . . . . . Kinetic . | . . . . . Secondary . | . . . . . Self-Inflicted Damage 51 | . . . 1 50 Shots 2 | . . . . 2 Rammed 11 | . . . 1 10 Targets Rammed 14 | . 1 . 1 12 Kicked 3 | . 1 . . 2 Crushed . | . . . . . Highest Temperature 97 | 40 . 2 . 97 Average Temperature 26 | 20 . 2 . 32 Received Heat Transfer 537 | . . . 9 528 Siege Activations . | . . . . . Robots Corrupted . | . . . . . Combat Hostiles . | . . . . . Parts Fried . | . . . . . Impact Corruptions . | . . . . . Robots Melted . | . . . . . Combat Hostiles . | . . . . . Parts Melted . | . . . . . Heat Transferred 546 | 250 . . . 296 Parts Sabotaged . | . . . . . Parts Stolen . | . . . . . Parts Stripped . | . . . . . Power Chain Reactions . | . . . . . Missiles Intercepted . | . . . . . Alert | -11 -10 -10 -9 -9 ------- Run | Scr Mat Min Mat Sto Peak Influence 220 | 30 97 46 87 220 Initial 31 | . 16 31 11 . Average 59 | 12 56 34 33 116 Maximum Alert Level 1 | . . . . 1 Low Security (%) 88 | 100 100 100 100 63 Level 1 11 | . . . . 36 Level 2 . | . . . . . Level 3 . | . . . . . Level 4 . | . . . . . Level 5 . | . . . . . High Security . | . . . . . Max Security . | . . . . . Squads Dispatched 2 | . . . . 2 Investigation . | . . . . . Extermination . | . . . . . Reinforcement . | . . . . . Assault 2 | . . . . 2 Garrison . | . . . . . Intercept . | . . . . . Construction Impeded . | . . . . . Haulers Reinforced . | . . . . . Stealth | -11 -10 -10 -9 -9 --------- Run | Scr Mat Min Mat Sto Distress Signals 2 | . . . . 2 Communications Jammed . | . . . . . Distress Signals . | . . . . . Times Spotted 35 | . 3 2 3 27 Peak Tracking Total 12 | . 3 1 2 12 Tactical Retreats . | . . . . . Traps | -11 -10 -10 -9 -9 ------- Run | Scr Mat Min Mat Sto Traps Triggered . | . . . . . Indirectly . | . . . . . Trap Hack Attempts . | . . . . . Triggered . | . . . . . Disarmed . | . . . . . Reprogrammed . | . . . . . Reused . | . . . . . Traps Extracted . | . . . . . Installed . | . . . . . Triggered . | . . . . . Machines | -11 -10 -10 -9 -9 ---------- Run | Scr Mat Min Mat Sto Machines Disabled . | . . . . . Max in Single Turn . | . . . . . Machines Sabotaged . | . . . . . Garrisons Compromised . | . . . . . Overloaded Fab Kills . | . . . . . Fab Network Shutdowns . | . . . . . Hacking | -11 -10 -10 -9 -9 --------- Run | Scr Mat Min Mat Sto Machines Accessed 4 | . 1 . 1 2 Terminals 4 | . 1 . 1 2 Fabricators . | . . . . . Repair Stations . | . . . . . Recycling Units . | . . . . . Scanalyzers . | . . . . . Garrison Access . | . . . . . Total Hacks 5 | . 1 . 2 2 Successful 3 | . 1 . . 2 Failed 2 | . . . 2 . Catastrophic 1 | . . . 1 . Database Lockouts . | . . . . . Manual 6 | . 1 . 2 3 Terminals 5 | . 1 . 2 2 Fabricators . | . . . . . Repair Stations . | . . . . . Recycling Units . | . . . . . Scanalyzers . | . . . . . Garrison Access . | . . . . . Terminal Hacks 3 | . 1 . . 2 Open Door 1 | . . . . 1 Branch Access Points 2 | . 1 . . 1 Fabricator Hacks . | . . . . . Repair Station Hacks . | . . . . . Recycling Unit Hacks . | . . . . . Scanalyzer . | . . . . . Garrison Access Hacks . | . . . . . Unauthorized Hacks . | . . . . . Terminals . | . . . . . Fabricators . | . . . . . Repair Stations . | . . . . . Recycling Units . | . . . . . Scanalyzers . | . . . . . Garrison Access . | . . . . . Data Cores Recovered . | . . . . . Used . | . . . . . Hacking Detections 1 | . . . 1 . Full Trace Events . | . . . . . Feedback Events . | . . . . . Feedback Blocked . | . . . . . Robot Schematics Acquired . | . . . . . Robots Built . | . . . . . Matter . | . . . . . Time . | . . . . . Total Robot Build Rating . | . . . . . Part Schematics Acquired . | . . . . . Parts Built . | . . . . . Matter . | . . . . . Time . | . . . . . Total Part Build Rating . | . . . . . Parts Repaired . | . . . . . Time . | . . . . . Parts Recycled . | . . . . . Recycled Matter . | . . . . . Retrieved Matter . | . . . . . Retrieved Components . | . . . . . Parts Scanalyzed . | . . . . . Part Schematics Acquired . | . . . . . Parts Damaged . | . . . . . Bothacking | -11 -10 -10 -9 -9 ------------ Run | Scr Mat Min Mat Sto Used RIF Installer . | . . . . . Robots Hacked . | . . . . . Non-combat . | . . . . . Combat . | . . . . . Robot Hacks Applied . | . . . . . Relay Couplers Released . | . . . . . Robots Rewired . | . . . . . Allies Hacked . | . . . . . Hacks Repelled . | . . . . . Allies | -11 -10 -10 -9 -9 -------- Run | Scr Mat Min Mat Sto Total Allies 5 | . . 3 . 2 Largest Group 3 | . . 3 3 2 Highest-Rated Group 62 | . . 40 40 62 Highest-Rated Ally 31 | . . 16 16 31 Total Orders 1 | . . 1 . . GUARD 1 | . . 1 . . Ally Attacks 58 | . . 26 20 12 Total Damage 770 | . . 263 250 257 Kills 10 | . . 3 4 3 Allies Corrupted . | . . . . . Allies Melted . | . . . . . Intel | -11 -10 -10 -9 -9 ------- Run | Scr Mat Min Mat Sto Robot Analysis Total . | . . . . . Derelict Logs Recovered . | . . . . . Drone Launches 2 | . . . . 2 Drone Recoveries 2 | . . . . 2 Exploration | -11 -10 -10 -9 -9 ------------- Run | Scr Mat Min Mat Sto Turns Passed 1817 | 138 142 359 610 568 Spaces Moved 883 | 86 90 200 298 209 Core 110 | 42 . . . 68 Treads . | . . . . . Legs 262 | 44 90 48 . 80 Wheels . | . . . . . Hover . | . . . . . Flight 511 | . . 152 298 61 Fastest Speed 50 | 50 120 117 114 120 Average Speed 166 | 95 120 117 192 225 Slowest Speed 400 | 200 120 120 194 400 Overloaded Moves . | . . . . . Propulsion Burnouts . | . . . . . Robots Hopped . | . . . . . Cave-ins Triggered . | . . . . . Exploration Rate (%) 28 | 4 29 48 23 40 Regions Visited 4 Branch Regions 2 Pre-discovered Areas . | . . . . . Known Exits Taken 2 | . 1 . 1 . Unknown Exits Taken 2 | 1 . 1 . . Scrap Searched 1 | . . 1 . . Spaces Dug . | . . . . . Terrain Destroyed 24 | . . . . 24 Melee . | . . . . . Projectile . | . . . . . AOE 24 | . . . . 24 Terrain Rammed . | . . . . . Walls Destroyed . | . . . . . Machines Disabled . | . . . . . Actions | -11 -10 -10 -9 -9 --------- Run | Scr Mat Min Mat Sto Total 1150 | 121 111 316 334 268 Wait 120 | . 1 97 21 1 Move 879 | 85 89 199 297 209 Hop . | . . . . . Pick Up 32 | 6 4 4 5 13 Fast Attach 7 | 5 . . . 2 Attach 11 | 2 . . 3 6 Detach . | . . . . . Swap 8 | 3 . 2 3 . Drop 14 | 1 . 4 4 5 Fire 65 | 19 16 10 . 20 Melee . | . . . . . Ram 10 | . . . 1 9 Kick 4 | . 1 . . 3 Crush . | . . . . . Escape Stasis . | . . . . . Rewire . | . . . . . Trap . | . . . . . Miscellaneous . | . . . . . Route ------- -11/Scrapyard -10/Materials (discovered 2 exits: *Min x2) -10/Mines -9/Materials (discovered 2 exits: *Min / *Sto) -9/Storage (discovered 1 exit: Rec) History --------- Turn | Location | Event 3 | -11/Scrapyard | Discovered new exit (range 15) 139 | -11/Scrapyard | Entered Materials 166 | -10/Materials | Identified exit to Mines 281 | -10/Materials | Entered Mines 286 | -10/Mines | Assembled infested the area 286 | -10/Mines | Assisted by bots powering up and referring to "LRC-V3" 311 | -10/Mines | Build established: Mutant 472 | -10/Mines | A weapon hastily lodged in a ceiling crevice suddenly fell to the ground 557 | -10/Mines | Received a Rocket Launcher from a helpful Derelict 625 | -10/Mines | Discovered new exit (range 6) 640 | -10/Mines | Entered Materials 640 | -9/Materials | Accompanied by 3 allies 640 | -9/Materials | Evolved 2 slots: Propulsion x1, Utility x1 642 | -9/Materials | Discovered new exit (range 9) 871 | -9/Materials | Identified exit to Storage 945 | -9/Materials | Build established: Scavenger-Mutant 1122 | -9/Materials | Discovered new exit (range 7) 1138 | -9/Materials | Identified exit to Mines 1250 | -9/Materials | Entered Storage 1262 | -9/Storage | Met a pair of Derelict thieves 1405 | -9/Storage | Destroyed 9 combat bots 1415 | -9/Storage | Lost 6 parts (1p3n2w) 1738 | -9/Storage | Identified exit to Recycling 1777 | -9/Storage | Core integrity fell below 50% 1803 | -9/Storage | Core integrity fell below 20% 1818 | -9/Storage | Lost 5 parts (1p3n1w) 1818 | -9/Storage | Destroyed by Y-45 Defender with Beam Rifle Last Messages --------------- 01772_ Kicked Y-45 Defender out of the way. 01773_ Aluminum Leg destroyed. 01777_ K-01 Serf collects debris. 01779_ Imp. Medium Laser destroyed. 01784_ Lgt. Ion Engine destroyed. 01787_ Aluminum Leg destroyed. 01799_ Slammed into S-10 Pest. 01799_ Destabilizing: System interference. 01799_ Seismic Analyzer temporarily disabled. 01802_ Slammed into S-10 Pest. 01805_ Discarded Seismic Analyzer. 01806_ Acquired 4 matter. 01806_ Component Storage disabled. 01806_ Slammed into S-10 Pest. 01806_ Destabilizing: System corrupted (+2). 01807_ Drone released from Drone Bay. 01810_ Slammed into Y-45 Defender. 01811_ Drone retrieved by Drone Bay. 01814_ Slammed into Y-45 Defender. 01815_ System corrupted: Energy discharge (-29). Map ----- +----------------------------------------------------+ | | | | | ?????????????????????????????????????????????????? | | ?????????????????????????????????????????????????? | | ?????????????????????????????????????????????????? | | ?????????????????????????????????????????????????? | | ?????????????????????????????????????????????????? | | ?????????????????????????????????????????????????? | | ?????????????????????????????????????????????????? | | ?????????????????????????????????????????????????? | | ?????????????????????????????????????????????????? | | ?????????????????????????????????????????????????? | | ??????????????????????????????????????>??????????? | | ?????????????????????????????????????????????????? | | ????????????????? ???????????????????????????????? | | ???????????????? ???????????????????????????????? | | ???????????????? ???????????????????????????????? | | ?#?????????????? ???????????????????????????????? | | ???????????????? ????????????????????????????????? | | ???????????????? ????????????????????????????????? | | ??????????????? ??????????????????? ????????????? | | ??????????????? ?????######??????"""????????????? | | ???????# #####+####### #####r """????????????? | | ???????# w^ """ ???????????? | | ???????# % k Y u [ #???????? | | ????????#######+####### Y@ ##### #???????? | | ???????????# %% ######Y#######?????????????????? | | ???????????# # s% #?????????????????? | | ???????????# # #?????????????????? | | ############ % # ! "" "" #?????????????????? | | % / # """"" #?????????????????? | | +##+## ## # """"" #?????????????????? | | # ## ##############?????????????????? | | T + ## #??????????????????????????????? | | #### ## #??????????????????????????????? | | #??# ## #??????????????????????????????? | | #??# ## #??????????????????????????????? | | #??# ## #??????????????????????????????? | | ######### ## #??????????????????????????????? | | #?/#########??????????????????????????????? | | #? ??????????????????????????????????????? | | #? ??????????????????????????????????????? | | #+######? "??????????????????????????????????????? | | ???????? "??????????????????????????????????????? | | "???????? ???????????????????????????????????????? | | ""??????? ???????????????????????????????????????? | | ""???????????????????????????????????????????????? | | ??????????????????????????????????????????????? | | """??????????????????????????????????????????????? | | "????????????????????????????????????????????????? | +----------------------------------------------------+ Best States ------------- Heat Dissipation 28 Energy Generation 10 Energy Capacity 250 Matter Stores 300 Matter Capacity 300 Sight Range 16 Terrain Scan Range 16 Terrain Scan Density 60 Resistance: KI 20 Resistance: TH 20 Resistance: EX 20 Resistance: EM 20 Resistance: I 20 Resistance: S 20 Resistance: P 20 Evasion (%) 50 Offensive Hacking 10 Item Schematics ----------------- None Robot Schematics ------------------ None Fabricated ------------ Nothing Alien Tech Used ----------------- None Achievements -------------- None Challenges ------------ None Game ------ Seed MyomerRecoilMeganuke Manual? 0 Play Time 00:24:25 Cumulative 18.7 hours Start 2022.02.08 @ 01:21:48 End 2022.02.08 @ 01:41:17 Sessions 1 Manual Loads 0 Difficulty Adventurer Special Mode None Game No. 39 Rogue 19 Adventurer 20 Explorer 0 Win Type - Total 0 Types 0/0/0/0/0/0/0/0/0 Lore% 12 Gallery% 25 Achievement% 19 Wizard Run 0 Options --------- ASCII 0 Keyboard 0 Movement Mouse Keybinds 0 Fullscreen 1 Font 18/SmallcapsGlow Map View 76x50 Tactical HUD 1 Map Filters NONE Filters NONE Steam 1 RUN: eaa2f68c-a3b8-461f-8787-7d93094587b4